 Dungeon Crawl Stone Soup version 0.32-a0-22-g6ae6769602 (webtiles) character file.

Game seed: 5163827700767213835

336 croobank the Ruffian (level 6, -11/42 HPs)
             Began as an Octopode Shapeshifter on Jan 18, 2024.
             Was an Initiate of Ashenzari.
             Mangled by Blork the orc
             ... wielding a +0 glaive
              (18 damage)
             ... on level 4 of the Dungeon.
             The game lasted 00:06:42 (3715 turns).

croobank the Ruffian (Octopode Shapeshifter)        Turns: 3715, Time: 00:06:43

Health: -11/42     AC:  1    Str: 13    XL:     6   Next: 54%
Magic:  6/6        EV: 14    Int: 13    God:    Ashenzari [......]
Gold:   222        SH:  0    Dex: 15    Spells: 5/5 levels left

rFire   . . .        i - +1 short sword (venom)
rCold   . . .        (no shield)
rNeg    . . .        (helmet currently unavailable)
rPois   .            (no amulet)
rElec   .            n - ring of willpower
rCorr   .            (no ring)
SInv    .            (no ring)
Will    .....        (no ring)
Stlth   ++           (no ring)
HPRegen 0.27/turn    (no ring)
MPRegen 0.10/turn    (no ring)
                     (no ring)

%: no passive effects
@: beast-form, weak-willed
A: beast (slay +2), almost no armour, amphibious, 8 rings, camouflage 1,
gelatinous body 1, (nimble swimmer 1), tentacles, agile 1, screaming 1, wild
magic 1
a: Begin Untransformation, Renounce Religion


You were on level 4 of the Dungeon.
You worshipped Ashenzari.
Ashenzari was noncommittal.
You were a hulking beast.
You visited 1 branch of the dungeon, and saw 4 of its levels.

You collected 222 gold pieces.

Inventory:

Hand Weapons
 e - a +0 dagger
 i - a +1 short sword of venom (weapon)
 k - a +0 sling
 o - a +0 war axe
Missiles
 r - a poisoned dart (quivered)
Jewellery
 l - a ring of ice
 n - a ring of willpower (left tentacle)
Talismans
 b - a beast talisman
 c - a flux talisman
Wands
 t - a wand of acid (7)
Scrolls
 f - 4 scrolls of identify
 g - a scroll of teleportation {unknown}
 h - a scroll of poison {unknown}
 j - 4 scrolls of fog {unknown}
 m - 2 scrolls of amnesia {unknown}
 s - a scroll of enchant armour {unknown}
Potions
 a - a potion of lignification
 p - a potion of degeneration
 q - a potion of mutation


   Skills:
 + Level 3.2 Fighting
 + Level 3.7 Dodging
 + Level 4.3 Unarmed Combat
 + Level 4.1 Shapeshifting


You had 5 spell levels left.
You didn't know any spells.
Your spell library contained the following spells:

 Spells                   Type           Power      Damage    Failure   Level
 Necrotise                Necr           0%         1d4       38%         1
 Cigotuvi's Dreadful Rot  Necr/Alch/Air  0%         N/A       52%         2
 Ensorcelled Hibernation  Hex/Ice        0%         N/A       52%         2
 Passwall                 Erth           0%         N/A       75%         3
 Swiftness                Air            0%         N/A       75%         3
 Tukima's Dance           Hex            0%         N/A       75%         3
 Vampiric Draining        Necr           0%         2d6       75%         3
 Ignite Poison            Fire/Alch      0%         N/A       98%         4
 Martyr's Knell           Necr/Summ      0%         N/A       98%         4
 Passage of Golubria      Tloc           0%         N/A       98%         4
 Curse of Agony           Necr           0%         N/A       100%        5
 Freezing Cloud           Conj/Ice/Air   0%         6-21      100%        5
 Yara's Violent Unravell  Hex/Alch       0%         3d3       100%        5
 Sculpt Simulacrum        Ice/Alch       0%         N/A       100%        6
 Ozocubu's Refrigeration  Ice            0%         4d7       100%        7
 Polar Vortex             Ice            0%         N/A       100%        9


Dungeon Overview and Level Annotations

Branches:
Dungeon (4/15)
 Temple: D:4-7

Altars:
Ashenzari
Elyvilon
Uskayaw
Xom

Annotations:
D:3 1 runed translucent door, Crazy Yiuf
D:4 Blork the orc


Innate Abilities, Weirdness & Mutations

You are a hulking beast.
Your limbs bulge with bestial killing power. (Slay +2)
You cannot wear most types of armour.
You are amphibious.
You can wear up to eight rings at the same time.
Your skin changes colour to match your surroundings (Stealth+).
Your rubbery body absorbs attacks. (AC +1, EV +1)
((You are camouflaged when in or above water. (Stealth+)))
You have tentacles for arms and can constrict up to eight enemies at once.
You are agile. (Dex +4, Str/Int -1)
You occasionally shout uncontrollably at your foes.
Your spells are a little harder to cast, but a little more powerful.


Message History

Blork the orc seems to speed up.
Throw: 3 darts (poison)
Press: ? - help, Q - select action, (/) - cycle Shift-Dir - straight line, f/p - Blork the orc
Aim: Blork the orc, wielding a +0 glaive and wearing a +2 robe (fast, 61% to hit)
You throw a poisoned dart.
The poisoned dart completely misses Blork the orc.
The poisoned dart hits the hobgoblin.
The hobgoblin is poisoned.
The hobgoblin shouts!
Throw: 2 darts (poison)
Press: ? - help, Q - select action, (/) - cycle Shift-Dir - straight line, f/p - Blork the orc
Aim: Blork the orc, wielding a +0 glaive and wearing a +2 robe (fast, 61% to hit)
You throw a poisoned dart. The poisoned dart hits Blork the orc.
Blork the orc is poisoned.
Blork the orc attacks as he pursues you!
Blork the orc misses you.
Okay, then.
As you read the scroll labelled OLYANE GOIKUUL, it crumbles to dust.
It is a scroll of identify.
p - a potion of degeneration Blork the orc closely misses you.
Blork the orc hits you from afar with a +0 glaive!
It was a potion of mutation.
You feel extremely strange.
You feel agile.
You feel less in control of your magic.
You feel the urge to shout.
Blork the orc screams, "I'll cover the dungeon with your blood!"
Blork the orc barely misses you.
Blork the orc hits you with a +0 glaive!
Blork the orc closely misses you.
A scorpion comes into view.
You closely miss Blork the orc. Your grab misses Blork the orc.
Blork the orc is lightly wounded.
You kill the hobgoblin!
Blork the orc hits you with a +0 glaive!
* * * LOW HITPOINT WARNING * * *
Okay, then.
As you read the scroll labelled FEMIES YPULETIGGAF, it crumbles to dust.
A wave of despondency washes over your surroundings.
It was a scroll of vulnerability.
Blork the orc hits you with a +0 glaive!!
You die...

..........# #.##
.########.###########
#.## #.##.......).
#... #.##.#######.
#### #....# # ###..#
# ######..######...
###. .......).......#
..# ..####..h#####...
###. #.†o....# ##
#.......... ##.
#.#.###.### #.. #s#.#
# #.. #.#.# #.. (.#.#
#.. ( ..# #.. #..


You could see Blork the orc (fast, poisoned, weak-willed) and a scorpion
(weak-willed).

Vanquished Creatures
  A bombardier beetle (D:4)
  A jelly (D:4)
  Natasha (D:3)
  4 orc wizards (D:3)
  A gnoll (D:4)
  6 adders
  3 ribbon worms
  12 orcs
  7 endoplasms
  A giant cockroach (D:1)
  6 hobgoblins
  2 jackals (D:2)
  5 kobolds
  2 quokkas
  2 ball pythons
  4 bats
  2 frilled lizards (D:2)
  8 goblins
  3 rats
71 creatures vanquished.

Notes
Turn   | Place    | Note
-------+----------+-------------------------------------------
     0 | D:1      | croobank the Octopode Shapeshifter began the quest for the
                  | Orb.
     0 | D:1      | Reached XP level 1. HP: 13/13 MP: 1/1
   120 | D:1      | Reached XP level 2. HP: 18/18 MP: 2/2
   714 | D:2      | Reached XP level 3. HP: 15/24 MP: 3/3
   885 | D:2      | Found a faded altar of an unknown god.
  1023 | D:2      | Reached XP level 4. HP: 28/29 MP: 4/4
  2134 | D:3      | Reached XP level 5. HP: 19/35 MP: 5/5
  2256 | D:3      | Found a runed translucent door.
  2257 | D:3      | Noticed Crazy Yiuf
  2303 | D:3      | Found a broken altar of Ashenzari.
  2311 | D:3      | Became a worshipper of Ashenzari the Shackled
  2735 | D:3      | Found a hide-covered altar of Uskayaw.
  2735 | D:3      | Found a white marble altar of Elyvilon.
  2736 | D:3      | Found a shimmering altar of Xom.
  2948 | D:4      | Noticed Natasha
  2957 | D:4      | Reached XP level 6. HP: 40/41 MP: 6/6
  3223 | D:3      | Killed Natasha
  3704 | D:4      | Noticed Blork the orc
  3712 | D:4      | Gained mutation: You are agile. (Dex +4, Str/Int -1)
                  | [potion of mutation]
  3712 | D:4      | Gained mutation: Your spells are a little harder to cast,
                  | but a little more powerful. [potion of mutation]
  3712 | D:4      | Gained mutation: You occasionally shout uncontrollably at
                  | your foes. [potion of mutation]
  3715 | D:4      | Mangled by Blork the orc

Illustrated notes

Levels and vault maps discovered:
D:1:      orjb1_lava_funnel, layout_basic
D:2:      layout_basic, dreamdust_ecumenical_altar_hidden_monk_grotto
D:3:      minmay_wonky_spiral, layout_loops_ring, lemuel_coloured_pillars_altar,
          chequers_temple_overflow_statue_of_worship,
          nicolae_twisty_statue_hallways, uniq_crazy_yiuf_cottage
D:4:      layout_loops_ring, ebering_ghost_rock_garden, uniq_blork_the_orc,
          uniq_natasha

Skill      XL: |  1  2  3  4  5  6 |
---------------+-------------------+-----
Fighting       | 2 3 |  3.2
Dodging        | 3 |  3.7
Unarmed Combat | 4 |  4.3
Shapeshifting  | 4 |  4.1

Action                     |  1- 3 |  4- 6 || total
---------------------------+-------+-------++-------
  Melee: Unarmed           |    50 |    25 ||    75
         Constrict         |    14 |    24 ||    38
         Punch             |     1 |     3 ||     4
         Tentacles         |     9 |    18 ||    27
         Short sword       |       |    78 ||    78
  Throw: Dart              |       |     5 ||     5
    Use: Potion            |       |     4 ||     4
         Scroll            |       |     2 ||     2
   Stab: Sleeping          |     4 |     1 ||     5
         Distracted        |       |     1 ||     1
 Armour: Skin              |    19 |    56 ||    75
  Dodge: Dodged            |    25 |    67 ||    92

Table legend: (Time is in decaauts)
 A = Elapsed time spent in this place.
 B = Non-inter-level travel time spent in this place.
 C = Inter-level travel time spent in this place.
 D = Time resting spent in this place.
 E = Time spent auto-exploring this place.
 F = Levels seen in this place.
 G = Mean time per level.
                   A        B        C        D        E       F      G
               +--------+--------+--------+--------+--------+-----+--------+
         Total |   3718 |   3606 |    112 |   1098 |   1972 |   4 |  929.5 |
       Dungeon |   3718 |   3606 |    112 |   1098 |   1972 |   4 |  929.5 |
               +--------+--------+--------+--------+--------+-----+--------+

Top non-repeatable levels by time:
     D:3: 1706 daAuts
     D:2: 1096 daAuts
     D:1: 653 daAuts
     D:4: 262 daAuts
